Map: World of Sleepers LE

Players

BratOK (Brat_OK)

  • Race: Terran Terran
  • League: Master
  • Spawn Location: 7:00

Zanster - Winner!

  • Race: Zerg Zerg
  • Spawn Location: 1:00

Event: NationWars 2019

VOD

Have the link to the VOD?

Description

Time

  • Played on: Oct. 13, 2019, 3:47 p.m.
  • Length: 15:09
Show
View Real Time Build Order
Export as new Build Order

BratOK Terran 

Build Orders: Liberator Opening, Reaper Expand, Mech 

Get SALT Encoding   

  12  0:00  SCV  
  13  0:12  SCV  
  14  0:16  Supply Depot  
  14  0:24  SCV  
  15  0:38  SCV  
  15  0:39  Barracks  
  16  0:43  Refinery  
  16  0:50  SCV  
  17  1:02  SCV  
  18  1:14  SCV  
  19  1:26  Reaper  
  19  1:27  Orbital Command  
  20  1:38  Command Center  
  20  1:45  Supply Depot  
  20  1:52  SCV  
  21  1:58  Marine  
  22  2:04  SCV  
  22  2:07  Factory  
  23  2:11  Refinery  
  23  2:16  SCV  
  23  2:21  Barracks Reactor  
  24  2:28  SCV  
  25  2:41  SCV  
  26  2:53  Orbital Command, SCV  
  26  2:55  Starport  
  27  3:02  Hellion x2  
  27  3:04  Barracks Tech Lab  
  31  3:08  SCV  
  32  3:20  SCV x2  
  32  3:23  Hellion x2  
  32  3:25  Supply Depot  
  38  3:35  SCV x2  
  38  3:39  Viking  
  42  3:45  Hellion x2  
  42  3:47  SCV  
  47  3:49  SCV  
  47  3:51  Supply Depot  
  48  3:57  Liberator, Barracks Tech Lab  
  48  3:59  SCV  
  49  4:03  SCV  
  49  4:07  Hellion x2  
  54  4:13  SCV  
  54  4:15  SCV  
  59  4:17  Supply Depot  
  59  4:25  SCV  
  59  4:27  SCV  
  59  4:29  Command Center  
  61  4:37  SCV  
  62  4:40  Hellion x2  
  62  4:43  Supply Depot  
  66  4:46  Armory  
  66  4:49  SCV x2  
  68  5:01  Hellion  
  68  5:05  Hellion  
  68  5:06  Factory  
  72  5:09  SCV x2, Supply Depot  
  72  5:11  Factory  
  74  5:20  Refinery  
  74  5:21  Refinery, SCV  
  74  5:23  Hellion  
  77  5:31  Hellion  
  73  5:45  SCV, Hellion  
  73  5:46  Terran Vehicle And Ship Armor Level 1  
  69  5:52  Hellion  
  69  5:55  SCV  
  68  5:58  Orbital Command  
  64  6:04  Siege Tank x2  
  64  6:05  Mag-Field Accelerator  
  70  6:14  Hellion x2  
  70  6:18  Orbital Command, SCV x2  
  76  6:21  Factory  
  76  6:22  Factory  
  76  6:23  Barracks Reactor, Starport Tech Lab  
  76  6:25  Supply Depot  
  76  6:36  Cyclone  
  76  6:37  Hellion x2  
  83  6:43  SCV x3  
  89  6:47  Cyclone  
  89  6:53  Supply Depot  
  89  6:54  Supply Depot  
  89  6:55  SCV  
  89  7:00  SCV  
  89  7:01  SCV  
  92  7:05  Supply Depot  
  92  7:14  Cyclone  
  92  7:15  Hellion x2  
  96  7:18  SCV x3  
  96  7:21  Refinery  
  96  7:22  Refinery, Cyclone x2, Hellion  
  107  7:24  Drilling Claws  
  107  7:29  Supply Depot  
  107  7:30  Command Center, SCV x2  
  109  7:38  SCV  
  109  7:42  SCV  
  111  7:48  Supply Depot  
  107  7:51  Terran Vehicle And Ship Armor Level 2  
  107  7:55  Cyclone x3  
  107  7:56  Hellion  
  111  8:03  Widow Mine x3  
  111  8:10  SCV  
  111  8:11  SCV  
  111  8:12  SCV, Engineering Bay  
  107  8:17  Widow Mine  
  107  8:22  SCV  
  107  8:23  SCV  
  107  8:25  SCV  
  103  8:27  Cyclone  
  103  8:29  Widow Mine x2  
  109  8:34  SCV  
  109  8:36  SCV  
  111  8:44  Cyclone x2  
  111  8:45  Widow Mine  
  111  8:47  SCV x2  
  111  8:48  SCV  
  122  8:51  Missile Turret  
  122  8:52  Missile Turret  
  117  9:08  Cyclone  
  117  9:10  SCV x2  
  117  9:14  SCV  
  117  9:16  Cyclone  
  123  9:17  Cyclone  
  123  9:18  Hellion x2  
  123  9:23  SCV  
  131  9:26  Command Center  
  131  9:30  Infernal Pre-Igniter  
  131  9:34  SCV  
  131  9:35  SCV  
  133  9:40  Supply Depot x2  
  133  9:41  Cyclone  
  133  9:44  Liberator  
  126  9:57  SCV x2  
  128  10:00  Supply Depot  
  128  10:04  Supply Depot  
  127  10:07  Cyclone x2  
  127  10:08  Hellion x2  
  127  10:12  Terran Vehicle Weapons Level 1  
  127  10:13  Cyclone  
  138  10:21  Widow Mine  
  138  10:22  Widow Mine  
  138  10:25  SCV  
  142  10:35  Command Center x2  
  140  10:39  Cyclone x2  
  140  10:41  SCV  
  147  10:46  Supply Depot  
  147  10:55  Cyclone  
  147  10:56  Widow Mine x2  
  154  10:57  SCV  
  143  11:05  Hellion  
  143  11:06  Hellion  
  147  11:11  Cyclone x2  
  147  11:17  Supply Depot  
  147  11:18  Supply Depot  
  153  11:22  SCV  
  154  11:26  Hellion x2  
  154  11:28  Cyclone  
  154  11:30  SCV  
  162  11:47  Cyclone x2  
  162  11:48  Hellion x2  
  172  12:00  Cyclone  
  172  12:01  Hellion  
  171  12:12  SCV x2  
  171  12:13  Orbital Command  
  167  12:20  Terran Vehicle And Ship Armor Level 3  
  173  12:29  Ghost Academy, Barracks x2  
  173  12:32  Barracks Tech Lab  
  173  12:36  Planetary Fortress  
  173  12:37  SCV x3  
  175  12:46  Hellion x2  
  175  12:49  SCV x3  
  175  12:50  Thor x2  
  186  12:51  Thor  
  189  13:03  Missile Turret  
  189  13:04  Missile Turret  
  187  13:09  Hellion  
  187  13:10  Hellion  
  179  13:28  Hellion  
  179  13:29  Ghost  
  179  13:33  Thor x2  
  192  13:34  Thor  
  112  14:16  Thor, Cyclone  
  121  14:17  Cyclone  
  121  14:21  Hellion  
  112  14:41  Hellion x2  
Show
View Real Time Build Order
Export as new Build Order

Zanster Zerg - Winner!

Build Orders: Hatch First, Brood Lord Corruptor 

Get SALT Encoding   

  12  0:00  Drone  
  13  0:12  Overlord  
  13  0:17  Drone  
  14  0:30  Drone x2  
  16  0:47  Hatchery  
  15  0:50  Drone  
  15  0:54  Drone  
  17  0:57  Drone  
  18  1:08  Extractor  
  17  1:13  Spawning Pool  
  17  1:14  Drone  
  17  1:19  Drone  
  18  1:28  Drone  
  19  1:38  Drone  
  20  1:49  Drone  
  21  1:59  Queen  
  21  2:00  Queen  
  21  2:01  Zergling x4  
  27  2:10  Overlord  
  27  2:11  Drone  
  27  2:13  Metabolic Boost  
  28  2:31  Drone x2  
  28  2:33  Spore Crawler  
  28  2:34  Drone  
  28  2:36  Queen  
  32  2:39  Drone  
  32  2:41  Pneumatized Carapace  
  33  2:45  Overlord  
  33  2:47  Drone  
  34  2:53  Drone x2  
  36  3:07  Hatchery  
  36  3:11  Drone x2  
  37  3:13  Drone  
  37  3:14  Drone  
  37  3:17  Drone  
  37  3:19  Drone  
  41  3:21  Drone  
  41  3:26  Queen  
  44  3:32  Overlord  
  44  3:33  Overlord  
  44  3:50  Overlord  
  44  3:51  Drone x3  
  44  3:52  Drone x4  
  44  3:54  Extractor  
  44  3:55  Drone  
  51  4:06  Queen  
  51  4:07  Lair  
  51  4:09  Zergling x4, Extractor  
  54  4:18  Queen, Drone x4  
  54  4:21  Drone x3  
  54  4:22  Drone  
  64  4:29  Overlord  
  64  4:31  Drone x2  
  66  4:40  Overlord  
  66  4:48  Overlord  
  66  4:49  Drone  
  66  4:50  Drone x4  
  66  4:51  Drone  
  66  4:52  Drone  
  73  4:55  Zergling x2  
  73  4:56  Overlord  
  73  4:59  Roach Warren  
  73  5:00  Drone  
  73  5:01  Spore Crawler, Drone  
  73  5:06  Overseer  
  74  5:10  Spire, Extractor  
  74  5:11  Drone x4  
  76  5:14  Extractor x2, Drone  
  76  5:15  Drone  
  76  5:17  Drone  
  76  5:18  Drone  
  76  5:20  Drone x2  
  80  5:24  Zergling x4  
  80  5:25  Zergling x2  
  83  5:30  Zergling x10  
  87  5:36  Zergling x2  
  87  5:39  Roach  
  87  5:40  Roach  
  87  5:44  Roach  
  87  5:49  Roach  
  69  6:00  Drone x10  
  77  6:05  Drone x2  
  77  6:09  Drone  
  80  6:16  Drone  
  81  6:23  Overlord  
  81  6:26  Drone  
  81  6:32  Drone x3  
  85  6:34  Overlord x2  
  85  6:35  Drone x3  
  85  6:36  Drone  
  85  6:39  Overlord  
  89  6:42  Hatchery  
  88  6:52  Mutalisk x5  
  88  6:54  Mutalisk  
  98  6:56  Mutalisk  
  101  7:01  Mutalisk x2  
  101  7:06  Drone  
  106  7:12  Glial Reconstitution, Drone  
  106  7:13  Drone x5  
  106  7:14  Drone  
  113  7:20  Drone  
  114  7:25  Evolution Chamber  
  114  7:26  Evolution Chamber, Overlord  
  114  7:28  Roach x2  
  114  7:29  Roach  
  118  7:30  Overlord  
  118  7:33  Overlord  
  118  7:37  Roach  
  118  7:38  Overlord  
  118  7:43  Overlord  
  118  7:44  Overlord  
  120  7:46  Ravager x4  
  120  7:47  Roach x2  
  128  7:52  Roach x3  
  134  8:01  Mutalisk x5  
  142  8:08  Mutalisk  
  142  8:11  Overlord  
  145  8:12  Drone  
  145  8:13  Drone x5  
  150  8:26  Roach x7  
  160  8:30  Overlord  
  160  8:31  Overlord  
  160  8:36  Infestation Pit  
  160  8:38  Roach  
  160  8:39  Roach x3  
  167  8:42  Overlord  
  167  8:46  Unknown  
  167  8:48  Zerg Ground Armor Level 1, Zerg Missile Weapons Level 1  
  161  8:50  Overlord  
  149  9:10  Roach x15  
  149  9:12  Drone x2  
  181  9:17  Drone  
  181  9:22  Hive  
  182  9:27  Burrow  
  182  9:30  Drone  
  182  9:31  Drone x3  
  186  9:32  Hatchery  
  186  9:36  Roach x4  
  193  9:49  Zergling x2  
  193  9:50  Zergling x10  
  192  10:07  Overseer  
  192  10:09  Roach x5  
  192  10:13  Baneling Nest  
  196  10:16  Zergling x6  
  189  10:30  Zergling x16  
  189  10:31  Roach x5  
  189  10:36  Greater Spire  
  189  10:39  Ravager  
  189  10:40  Ravager  
  191  10:44  Zerg Missile Weapons Level 2  
  191  10:45  Zerg Melee Weapons Level 1  
  191  10:46  Drone x2  
  191  10:48  Drone  
  194  10:56  Centrifical Hooks  
  194  11:00  Unknown  
  184  11:05  Corruptor x7  
  184  11:10  Zergling x2  
  199  11:26  Hatchery  
  199  11:29  Spore Crawler  
  199  11:31  Hatchery, Spore Crawler  
  194  12:00  Brood Lord x7  
  199  12:05  Baneling x11  
  190  12:13  Drone x5  
  190  12:14  Drone  
  183  12:24  Corruptor x8  
  197  12:46  Overseer  
  197  12:49  Zerg Melee Weapons Level 2  
  195  12:57  Zergling x8  
  188  13:23  Roach  
  188  13:24  Roach x5  
  195  13:42  Brood Lord x3  
  195  13:48  Roach, Zergling x8  
  200  13:53  Zergling x2  
  200  13:54  Zergling x22  
  199  14:02  Overlord x2  
  195  14:06  Drone  
  196  14:10  Hatchery  
  191  14:21  Baneling x7  
  191  14:22  Brood Lord x4  
  193  14:25  Corruptor x3  
  199  14:38  Corruptor x5  
  196  14:49  Zergling x26  
Tags
 
Add a new tag
Caveats
  • Supply blocks, unpowered buildings, or Contaminate may cause inaccurate times.
  • Supply counts are checked every 10 seconds.